 Dungeon Crawl Stone Soup version 0.17.1-2-g5865329 (webtiles) character file.

32 inmateoo the Vexing (level 3, -5/27 HPs)
             Began as a Formicid Arcane Marksman on Feb 8, 2016.
             Killed from afar by Sigmund (7 damage)
             ... with a puff of flame
             ... on level 2 of the Dungeon.
             The game lasted 00:02:59 (1835 turns).

inmateoo the Vexing (Formicid Arcane Marksman)      Turns: 1835, Time: 00:03:00

Health: -5/27      AC:  5    Str: 16    XL:     3   Next: 45%
Magic:  5/5        EV: 10    Int: 12    God:
Gold:   35         SH:  3    Dex: 10    Spells: 1 memorised, 4 levels left

rFire  . . .     SeeInvis +     f - +0 whip (elec)
rCold  . . .     Clarity  .     j - +0 ring mail
rNeg   . . .     SustAt   .     a - +0 buckler
rPois  .         Gourm    .     (helmet unavailable)
rElec  .         Spirit   .     (no cloak)
rCorr  .         Warding  .     (no gloves)
rMut   .         Stasis   +     (no boots)
MR     .....                    (no amulet)
Stlth  ..........               (no ring)
                                (no ring)

@: not resistant to hostile enchantments, extremely unstealthy
A: permanent stasis, dig shafts and tunnels, four strong arms, antennae 3
a: Dig, Shaft Self


You were on level 2 of the Dungeon.
You were hungry.

You visited 1 branch of the dungeon, and saw 2 of its levels.

You collected 35 gold pieces.

Inventory:

Hand Weapons
 f - a +0 whip of electrocution (weapon)
Missiles
 c - 4 javelins (quivered)
 d - 2 throwing nets
Armour
 a - a +0 buckler (worn)
 j - a +0 ring mail (worn)
Scrolls
 g - a scroll of random uselessness {unknown}
 h - a scroll of enchant weapon {unknown}
 i - a scroll of fear {unknown}
 k - a scroll of magic mapping {unknown}
 l - a scroll of identify {unknown}
 m - a scroll of teleportation {unknown}
Books
 b - a book of Debilitation

   Spells                             Type                      Level
   a - Corona                         Hexes                        1
   b - Slow                           Hexes                        2
   c - Gell's Gravitas                Hexes/Translocation          3
   d - Inner Flame                    Hexes/Fire                   3
   e - Cause Fear                     Hexes                        4
   f - Leda's Liquefaction            Hexes/Earth                  4
Comestibles
 e - 3 bread rations
 n - a chunk of flesh


   Skills:
 + Level 2.0 Fighting
 * Level 1.3 Maces & Flails
 - Level 1.5 Throwing
 + Level 0.7 Armour
 - Level 1.7 Dodging
 + Level 0.2 Shields
 - Level 1.5 Spellcasting
 - Level 3.8 Hexes


You had 4 spell levels left.
You knew the following spells:

 Your Spells              Type           Power        Failure   Level  Hunger
a - Corona                Hex            ##.....      21%         1    ##.....


Dungeon Overview and Level Annotations

Branches:
Dungeon (2/15)

Altars:

Annotations:
D:2 Sigmund


Innate Abilities, Weirdness & Mutations

You are under a permanent stasis effect.
You can dig through walls and to a lower floor.
Your four strong arms can wield two-handed weapons with a shield.
You have a pair of large antennae on your head (SInv).


Message History

Sigmund is severely wounded.
Sigmund hits you with a scythe.
You hit Sigmund but do no damage.
Sigmund is severely wounded.
Sigmund hits you with a scythe!
* * * LOW HITPOINT WARNING * * *
You are too injured to fight recklessly!
You hit Sigmund.
Sigmund is almost dead.
You barely miss Sigmund.
Sigmund is almost dead.
Sigmund zaps a wand.
You resist with some effort.
You closely miss Sigmund.
Sigmund is almost dead.
Sigmund closely misses you.
You hit Sigmund.
Sigmund is almost dead.
Sigmund gestures at you while chanting. The puff of flame hits you!
You die...

#.......########.######
#.#####[.......#.#
#.######.#.##### ##
#.#####.###..........# .#
##...........#.#.###.#
.###.#####.###....#.###.##
.#..# #.##.....#...>...
#.#.#####.<......#####.##
#.#....@@.####.### #.#
#..######## #.# #.# #.##
#.# #.# #. ##'## #.# #.
##...## #.## #. ##.....##
#... #. ##.......## ###.
## #.........####..
+.........+.....


You could see Sigmund.

Vanquished Creatures
  2 worms
  2 giant geckos
  3 bats (D:1)
  2 goblins (D:1)
  6 hobgoblins (D:1)
  5 kobolds (D:1)
  A giant newt (D:1)
  4 rats (D:1)
25 creatures vanquished.

Notes
Turn   | Place    | Note
--------------------------------------------------------------
     0 | D:1      | inmateoo the Formicid Arcane Marksman began the quest for the Orb.
     0 | D:1      | Reached XP level 1. HP: 15/15 MP: 2/2
   395 | D:1      | Reached skill level 1 in Maces & Flails
   395 | D:1      | Reached XP level 2. HP: 16/21 MP: 4/4
  1176 | D:1      | Reached XP level 3. HP: 18/26 MP: 5/5
  1716 | D:2      | Noticed Sigmund
  1835 | D:2      | Killed from afar by Sigmund

Action                   || total
-------------------------++-------
Melee: Whip              ||   100
Throw: Javelin           ||     3
 Abil: Dig               ||     4
  Use: Potion            ||     3
  Eat: Chunk             ||     3
